 Dungeon Crawl Stone Soup version 0.23-a0-315-ga85b81c (webtiles) character file.

501 namelastname112 the Skirmisher (level 6, -2/52 HPs)
             Began as a Draconian Wanderer on Oct 13, 2018.
             Slain by an ogre
             ... wielding a +0 giant club
              (35 damage)
             ... on level 4 of the Dungeon.
             The game lasted 00:05:14 (2801 turns).

namelastname112 the Skirmisher (Draconian Wanderer) Turns: 2801, Time: 00:05:15

Health: -2/52      AC:  8    Str: 14    XL:     6   Next: 95%
Magic:  7/7        EV: 19    Int: 12    God:
Gold:   164        SH:  0    Dex: 18    Spells: 7/7 levels left

rFire    . . .     SeeInvis .   h - +3 quarterstaff (chaos)
rCold    . . .     Gourm    .   (shield currently unavailable)
rNeg     . . .     Faith    .   (armour unavailable)
rPois    .         Spirit   .   (helmet restricted)
rElec    .         Reflect  .   p - +0 cloak
rCorr    .         Harm     .   k - +0 pair of gloves
MR       .....                  (no boots)
Stlth    +++.......             (no amulet)
HPRegen  0.17/turn              (no ring)
MPRegen  0.10/turn              (no ring)

@: agile
A: unfitting armour, cold-blooded, AC +6
a: no special abilities


You were on level 4 of the Dungeon.
You were not hungry.

You visited 1 branch of the dungeon, and saw 4 of its levels.

You collected 164 gold pieces.

Inventory:

Hand Weapons
 c - a +0 falchion
 h - a +3 quarterstaff of chaos (weapon)
Armour
 k - a +0 pair of gloves (worn)
 p - a +0 cloak (worn)
Wands
 m - a wand of flame (45)
Scrolls
 a - 2 scrolls of remove curse {unknown}
 d - a scroll of teleportation {unknown}
 e - a scroll of blinking {unknown}
 i - 2 scrolls of immolation
 l - a scroll of noise {unknown}
 n - a scroll of enchant weapon {unknown}
 o - a scroll of magic mapping {unknown}
Potions
 b - a potion of might
 g - a potion of lignification
 j - a potion of mutation {unknown}
Comestibles
 f - 5 rations
 r - 3 chunks of flesh


   Skills:
 + Level 4.2 Fighting
 * Level 4.1 Long Blades
 + Level 3.5 Dodging
 - Level 1.0 Spellcasting
   Level 1.0 Conjurations
   Level 3.6 Charms
   Level 2.0 Translocations
 - Level 2.0 Evocations


You had 7 spell levels left.
You didn't know any spells.
Your spell library contained the following spells:

 Spells                   Type           Power        Failure   Level  Hunger
 Shroud of Golubria       Chrm/Tloc      #.........   14%         2    ###....
 Blink                    Tloc           N/A          21%         2    ###....
 Sting                    Conj/Pois      #...         24%         1    ##.....
 Gell's Gravitas          Tloc           #.........   36%         3    ####...
 Lesser Beckoning         Tloc           #.........   36%         3    ####...
 Teleport Other           Tloc           #.......     36%         3    ####...
 Ignite Poison            Fire/Tmut/Pois #.......     65%         3    ####...
 Passage of Golubria      Tloc           N/A          78%         4    #####..


Dungeon Overview and Level Annotations

Branches:
Dungeon (4/15)
 Temple: D:4-7

Altars:
Gozag
Ru
Zin


Innate Abilities, Weirdness & Mutations

Your plain brown scales are hard. (AC +6)
You cannot fit into any form of body armour.
You are cold-blooded and may be slowed by cold attacks.


Message History

s - a fuming golden potion An orc and an ogre come into view.
The ogre hits you with a giant club!
You take 8 damage, and have 44/52 hp.
The ogre hits you with a giant club!
You take 12 damage, and have 32/52 hp.
MASSIVE DAMAGE!!
You hit the ogre.
The ogre goes berserk!
The ogre is lightly wounded.
The ogre barely misses you.
Okay, then.
Okay, then.
Unknown command.
Unknown command.
It was a potion of magic.
Magic courses through your body. The ogre misses you.
The ogre barely misses you.
It was a potion of agility.
You feel agile all of a sudden. The ogre hits you with a giant club!!
Ouch! That really hurt!
You die...

รท...# ....# #### o
....# ...##.. ....#
.......
....#############...#...
......................#
##############.....####
#.....# #.#@..# ##.O..#
#....(# #.....# #.....#
#.....# ##.#... .. ....


You could see an ogre (berserk).

Vanquished Creatures
  Grinder (D:3)
  Sigmund (D:3)
  Crazy Yiuf (D:3)
  A bullfrog skeleton (D:2)
  An orc wizard (D:3)
  An adder (D:3)
  A dart slug (D:3)
  8 orcs
  2 giant cockroaches
  6 goblins
  5 hobgoblins
  5 kobolds
  2 ball pythons
  6 bats
  4 frilled lizards
  6 rats
51 creatures vanquished.

Notes
Turn   | Place    | Note
-------+----------+-------------------------------------------
     0 | D:1      | namelastname112 the Draconian Wanderer began the quest for
                  | the Orb.
     0 | D:1      | namelastname112 set off with: a potion of curing, a +0
                  | club, a ration
     0 | D:1      | Reached XP level 1. HP: 14/14 MP: 2/2
   197 | D:1      | Reached skill level 1 in Fighting
   230 | D:1      | Reached XP level 2. HP: 23/23 MP: 3/3
   307 | D:1      | Reached skill level 1 in Dodging
   846 | D:2      | Reached XP level 3. HP: 12/30 MP: 4/4
  1293 | D:2      | Found a glowing silver altar of Zin.
  1449 | D:2      | Found a sacrificial altar of Ru.
  1515 | D:2      | Found an opulent altar of Gozag.
  1712 | D:3      | Noticed Sigmund
  1771 | D:3      | Killed Sigmund
  1771 | D:3      | Reached XP level 4. HP: 22/38 MP: 5/5
  1771 | D:3      | Reached XP level 5. HP: 26/45 MP: 6/6
  2080 | D:3      | Noticed Grinder
  2085 | D:3      | Paralysed by Grinder for 7 turns
  2115 | D:3      | Killed Grinder
  2115 | D:3      | Reached XP level 6. HP: 52/52 MP: 7/7
  2392 | D:3      | Found a runed door.
  2640 | D:3      | Noticed Crazy Yiuf
  2645 | D:3      | Killed Crazy Yiuf
  2801 | D:4      | Slain by an ogre

Vault maps used:
D:1:      dpeg_arrival_simpleton_c, minmay_misc_feat_ornament
D:2:      grunt_gozag_breadcrumbs, nicolae_ru_great_annihilating_truth,
          zin_scriptorium, first_ration
D:3:      uniq_grinder, uniq_crazy_yiuf_cottage, uniq_sigmund
D:4:      wad_river_or_something, minmay_temple_entry_grid

Skill      XL: |  1  2  3  4  5  6 |
---------------+-------------------+-----
Fighting       | 1 2 3 4 |  4.2
Dodging        | 1 2 3 |  3.5
Long Blades    | 2 3 4 |  4.1
Spellcasting   | |  1.0
Conjurations   | |  1.0
Charms         | |  3.6
Translocations | |  2.0
Evocations     | |  2.0

Action                   |  1- 3 |  4- 6 || total
-------------------------+-------+-------++-------
Melee: Club              |    44 |       ||    44
       Tailslap          |    11 |    11 ||    22
       Mace              |    48 |       ||    48
       Unarmed           |    11 |    11 ||    22
       Falchion          |     8 |    62 ||    70
       Quarterstaff      |       |     3 ||     3
Evoke: Wand              |       |     5 ||     5
  Use: Potion            |     2 |     3 ||     5
       Scroll            |     4 |       ||     4
 Stab: Paralysed         |     1 |       ||     1
  Eat: Chunk             |     3 |     3 ||     6
Armor: Skin              |    43 |    40 ||    83
Dodge: Dodged            |    72 |    41 ||   113
       Rpst.: Falchion   |     2 |    11 ||    13

Table legend:
 A = Non-vault XP
 B = Vault XP
 C = Vault XP percentage of total XP
 D = Non-vault monster count
 E = Vault monster count
 F = Vault count percentage of total count
                 A         B        C        D         E       F
            +---------+---------+-------+---------+---------+-------
      Total |     166 |     551 |  76.8 |      44 |       7 |  13.7
            +---------+---------+-------+---------+---------+-------
        D:1 |      21 |       0 |   0.0 |      13 |       0 |   0.0
        D:2 |      53 |       7 |  11.7 |       9 |       4 |  30.8
        D:3 |      90 |     544 |  85.8 |      21 |       3 |  12.5
        D:4 |       2 |       0 |   0.0 |       1 |       0 |   0.0
            +---------+---------+-------+---------+---------+-------
